 Dungeon Crawl Stone Soup version 0.29-a0-911-g88e6f02907 (webtiles) character file.

Game seed: 15448153220441886786

18113 jt the Agent of Entropy (level 12, -3/109 HPs)
             Began as a Palentonga Hedge Wizard on July 25, 2022.
             Was a Priest of Lugonu.
             Slain by a minotaur
             ... wielding the +8 demon trident "Rift" {distort, reach+}
              (28 damage)
             ... in a Gauntlet.
             The game lasted 00:52:23 (13518 turns).

jt the Agent of Entropy (Palentonga Hedge Wizard)  Turns: 13518, Time: 00:52:24

Health: -3/109     AC: 22    Str: 17    XL:     12   Next: 24%
Magic:  17/21      EV: 11    Int: 18    God:    Lugonu [***...]
Gold:   131        SH:  5    Dex: 12    Spells: 14/17 levels left

rFire   + . .      SeeInvis +   r - +2 trident (flame)
rCold   + . .      Faith    .   E - +0 buckler
rNeg    + . .      Spirit   .   W - +5 scale mail "Lyblem" {rF+ Dex+2 Slay+2}
rPois   .          Reflect  .   M - +1 hat
rElec   .          Harm     .   y - +1 cloak of Happiness {rC+ rN+ Regen+}
rCorr   .          Rampage  .   (no gloves)
Will    .....      NoTele   +   (no barding)
Stlth   ..........              T - amulet of regeneration
HPRegen 1.08/turn               Y - +4 ring of evasion
MPRegen 0.17/turn               s - ring of wizardry

@: mighty, hasted and slowed, curled up
A: large, rugged brown scales 3, see invisible, deformed body, roll 2, armoured
tail, reflexive curl, clever 1
a: Rolling Charge, Renounce Religion, Depart the Abyss, Bend Space, Banish


You were in a Gauntlet.
You worshipped Lugonu.
Lugonu was most pleased with you.
You visited 4 branches of the dungeon, and saw 15 of its levels.
You visited the Abyss 1 time.
You also visited: Gauntlet.

You collected 755 gold pieces.
You spent 586 gold pieces at shops.
You donated 38 gold pieces to Zin.

Inventory:

Hand Weapons
 a - a +0 trident of venom
 g - a +0 war axe
 r - a +2 trident of flaming (weapon)
 t - a +0 sling
 B - the +10 sling "Etzovu" {venom, Contam rElec Str+4 Int+8 Stlth-}
   (You found it on level 3 of the Dungeon)

   Any ammunition fired from it poisons the flesh of those it strikes.
   Str:       It affects your strength (+4).
   Int:       It affects your intelligence (+8).
   rElec:     It insulates you from electricity.
   Contam:    It causes magical contamination when unequipped.
   Stlth:     It makes you less stealthy.
 O - a +0 short sword of distortion
 V - the +1 flail "Lifebane" {spect, MP+9 Str+4}
   (You found it on level 8 of the Dungeon)

   When its wielder attacks, the weapon's spirit leaps out and strikes again.
   The spirit shares a part of any damage it takes with its wielder.
   Str:       It affects your strength (+4).
   MP:        It affects your magic capacity (+9).
Missiles
 f - 93 stones
 m - 3 javelins
 u - 6 poisoned darts
 F - 3 curare-tipped darts
 X - 2 throwing nets
 Z - 4 boomerangs
Armour
 c - a +0 leather armour of poison resistance
 k - a +0 kite shield
 y - the +1 cloak of Happiness (worn) {rC+ rN+ Regen+}
   (You found it in a Gauntlet)

   rC:        It protects you from cold.
   rN:        It protects you from negative energy.
   Regen:     It increases your rate of health regeneration.
 C - a +1 cloak
 E - a +0 buckler (worn)
 H - the +3 leather armour "Zulony" {-Tele Regen+ Dex+6}
   (You found it on level 3 of the Dungeon)

   Dex:       It affects your dexterity (+6).
   -Tele:     It prevents most forms of teleportation.
   Regen:     It increases your rate of health regeneration.
 M - a +1 hat (worn)
 R - a +0 ring mail of fire resistance
 W - the +5 scale mail "Lyblem" (worn) {rF+ Dex+2 Slay+2}
   (You found it on level 8 of the Dungeon)

   Dex:       It affects your dexterity (+2).
   Slay:      It affects your accuracy & damage with ranged weapons and melee
   (+2).
   rF:        It protects you from fire.
Magical Staves
 K - a staff of cold
Jewellery
 s - a ring of wizardry (right hand)
 L - a ring of ice
 Q - an amulet of reflection
 T - an amulet of regeneration (around neck)
 Y - a +4 ring of evasion (left hand)
Wands
 b - a wand of iceblast (7)
 j - a wand of mindburst (2)
 o - a wand of flame (9)
 v - a wand of light (7)
Scrolls
 h - a scroll of poison
 i - 4 scrolls of teleportation
 l - 3 scrolls of enchant weapon
 q - 3 scrolls of fog
 z - 2 scrolls of identify
 A - a scroll of magic mapping
 J - a scroll of summoning
 N - 2 scrolls of blinking
 U - a scroll of vulnerability
Potions
 d - a potion of magic
 e - a potion of curing
 n - a potion of might
 p - 2 potions of attraction
 w - 5 potions of flight
 x - 2 potions of heal wounds
 D - 2 potions of cancellation


   Skills:
 + Level 12.2 Fighting
 + Level 2.1(3.5) Axes
 - Level 4.0(4.2) Polearms
 - Level 3.0 Throwing
 - Level 5.0 Armour
 - Level 2.0 Dodging
 - Level 1.2 Stealth
 + Level 6.3 Shields
 - Level 3.0 Spellcasting
 - Level 1.0 Conjurations
 - Level 0.8 Summonings
 - Level 1.1 Translocations
 + Level 12.4 Invocations


You had 14 spell levels left.
You knew the following spells:

 Your Spells              Type           Power      Damage    Failure   Level
a - Magic Dart            Conj           24%        1d4       16%         1
b - Blink                 Tloc           12%        N/A       24%         2

Your spell library contained the following spells:

 Spells                   Type           Power      Damage    Failure   Level
 Slow                     Hex            8%         N/A       24%         1
 Call Imp                 Summ           5%         N/A       26%         2
 Sublimation of Blood     Necr           2%         N/A       34%         2
 Lesser Beckoning         Tloc           6%         N/A       41%         3
 Conjure Flame            Conj/Fire      4%         6-21      50%         3
 Dazzling Flash           Conj/Hex       8%         N/A       50%         3
 Mephitic Cloud           Conj/Pois/Air  3%         N/A       52%         3
 Ignite Poison            Fire/Tmut/Pois 2%         N/A       56%         3
 Iskenderun's Mystic Bla  Conj/Tloc      6%         2d4       82%         4
 Fulminant Prism          Conj/Hex       2%         3d6       86%         4
 Sticky Flame             Conj/Fire      4%         2d3       86%         4
 Summon Lightning Spire   Summ/Air       4%         N/A       87%         4
 Manifold Assault         Tloc           6%         N/A       98%         5
 Alistair's Intoxication  Tmut/Pois      1%         N/A       99%         5
 Borgnjor's Vile Clutch   Necr/Erth      1%         N/A       99%         5
 Freezing Cloud           Conj/Ice/Air   1%         6-21      99%         5
 Lee's Rapid Deconstruct  Erth           1%         3d5*      99%         5
 Eringya's Noxious Bog    Tmut/Pois      1%         N/A       100%        6
 Infestation              Necr           1%         N/A       100%        8
 Polar Vortex             Ice            1%         N/A       100%        9


Dungeon Overview and Level Annotations

Branches:
Dungeon (11/15)            Temple (1/1) D:5            Lair (2/5) D:8
 Shoals (0/4) Lair:2          Orc (1/2) D:9         Gauntlet (1/1)
  Snake: Lair:2-3    Spider: Lair:2-3

Altars:
Ashenzari
Cheibriados
Dithmenos
Elyvilon
Fedhas
Gozag
Hepliaklqana
Kikubaaqudgha
Makhleb
Nemelex Xobeh
Okawaru
Qazlal
Ru
Sif Muna
Trog
Uskayaw
Vehumet
Wu Jian
Xom
Yredelemnul
Zin
The Shining One

Shops:
D:4 **   D:6 *   D:7 [   D:8 ?   D:10 *

Annotations:
D:10 1 runed translucent door, yokelz's ghost, novice DrCj Gauntlet 7 transporters


Innate Abilities, Weirdness & Mutations

You are completely covered in rugged brown scales. (AC +3, +7% HP)
You have supernaturally acute eyesight. (SInv)
Armour fits poorly on your strangely shaped body.
You can roll at foes to attack.
You have a long armoured tail.
You curl defensively after being hit. (AC +7*)
Your mind is acute. (Int +4, Str/Dex -1)


Message History

Zin recites the Axioms of Law to you!
You are confused.
The divine experience drains your vigour!
You feel yourself slow down.
You feel better.
Aiming: Iceblast
Press: ? - help, Shift-Dir - straight line, f - minotaur, p - minotaur zombie
Aim: a minotaur, wielding the +8 demon trident "Rift" {distort, reach+}, wearing a +0 chain mail, wearing a ring of flight and quivering javelins (moderately wounded)
Okay, then.
Unknown command.
Okay, then.
Press: ? - help, Shift-Dir - straight line, f - minotaur, p - minotaur zombie
Aim: a minotaur, wielding the +8 demon trident "Rift" {distort, reach+}, wearing a +0 chain mail, wearing a ring of flight and quivering javelins (moderately wounded, chance to affect: 25%)
The minotaur resists with almost no effort.
You block the minotaur's attack.
The minotaur zombie hits you but does no damage.
The minotaur zombie gores you.
Aiming: Iceblast
Press: ? - help, Shift-Dir - straight line, f/p - minotaur
Aim: a minotaur, wielding the +8 demon trident "Rift" {distort, reach+}, wearing a +0 chain mail, wearing a ring of flight and quivering javelins (moderately wounded)
The mass of ice explodes!
The iceblast engulfs the minotaur!
The minotaur is moderately wounded.
The minotaur hits you from afar with the +8 demon trident "Rift" {distort, reach+}!!
Space warps horribly around you! Space bends violently around you!
You blink.
The minotaur throws a javelin.
The javelin pierces through you!!
* * * LOW HITPOINT WARNING * * *
o - a wand of flame (9)
You pick up the Precepts of the Unholy Tempest and begin reading...
You add the spells Sublimation of Blood, Summon Lightning Spire and Infestation to your library.
v - a wand of light (7);
z - 2 scrolls of identify;
f - 93 stones (gained 9)
A - a scroll of magic mapping
There is a gate leading back out of this place here.
Items here: [[[ |.
Press: ? - help, v - describe, . - travel, g - get item
Items here: [[[ |.
A gate leading back out of this place.
Unknown command.
The minotaur hits you from afar with the +8 demon trident "Rift" {distort, reach+}!!
You die...

................#
##.###.###.#####
###.###.###.###
#.............#
#§###H###.###.#
#..Z..........#
#######H#######
###.## #.@..#
#..(⌠+ .'⌠...#
###..⌠.# ###+##


You could see a minotaur.

Vanquished Creatures
  A boulder beetle (Lair:2)
  A hydra (Lair:1)
  Sonja (Lair:1)
  A worldbinder (Gauntlet)
  An elephant (Lair:2)
  3 cane toads (Lair:2)
  A torpor snail (Lair:1)
  An unseen horror (D:10)
  A yaktaur (D:9)
  A komodo dragon (Lair:1)
  2 rime drakes (Lair:2)
  2 trolls
  A hornet (D:9)
  A blink frog (Lair:2)
  3 dream sheep
  2 polar bears (Lair:2)
  Sigmund (D:4)
  A wraith (D:10)
  7 wyverns
  15 yaks
  A basilisk (D:8)
  3 steam dragons
  2 redbacks (Gauntlet)
  11 water moccasins
  5 black bears
  7 orc warriors
  6 boggarts (Gauntlet)
  3 centaurs
  A phantom (D:5)
  2 kobold brigands
  9 bullfrogs
  A gnoll sergeant (D:9)
  A necrophage (D:7)
  2 scorpions (D:6)
  11 killer bees (D:8)
  An electric eel (D:9)
  4 howler monkeys (D:8)
  3 hounds
  5 orc priests
  2 jellies
  Crazy Yiuf (D:2)
  4 iguanas
  Jessica (D:2)
  Natasha (thrice) (D:2)
  10 orc wizards
  6 gnolls (D:8)
  5 adders
  A shadow imp (D:6)
  2 white imps
  2 ufetubi
  4 worms
  2 dart slugs
  65 orcs
  4 ball pythons
  5 bats
  4 endoplasms
  3 giant cockroaches
  6 goblins
  5 hobgoblins
  10 kobolds
  2 quokkas
  4 frilled lizards
  8 rats
284 creatures vanquished.

Vanquished Creatures (collateral kills)
  An oklob plant (Lair:1)
  A wyvern (Lair:1)
  A water moccasin (D:8)
  An orc priest (D:9)
  2 orcs (D:9)
6 creatures vanquished.

Vanquished Creatures (others)
  A wyvern (D:8)
  A gnoll sergeant (D:8)
  An orc priest (D:9)
  An orc (D:9)
  8 fungi
  29 plants
41 creatures vanquished.

Grand Total: 331 creatures vanquished

Notes
Turn   | Place    | Note
-------+----------+-------------------------------------------
     0 | D:1      | jt the Palentonga Hedge Wizard began the quest for the Orb.
     0 | D:1      | Reached XP level 1. HP: 13/13 MP: 4/4
    77 | D:1      | Reached skill level 1 in Conjurations
   427 | D:1      | Reached skill level 1 in Fighting
   427 | D:1      | Reached XP level 2. HP: 22/22 MP: 3/6
   620 | D:1      | Found a faded altar of an unknown god.
   630 | D:1      | Reached skill level 1 in Polearms
   651 | D:1      | Prayed at the altar of an unknown god.
   651 | D:1      | Became a worshipper of Zin the Law-Giver
   651 | D:1      | Reached * piety under Zin
  1209 | D:2      | Noticed Natasha
  1223 | D:2      | Killed Natasha
  1224 | D:2      | Reached XP level 3. HP: 16/28 MP: 0/7
  1356 | D:2      | Got the Folio of the Ant
  1668 | D:2      | Noticed Jessica
  1671 | D:2      | Killed Jessica
  1672 | D:2      | Reached XP level 4. HP: 36/36 MP: 8/8
  1683 | D:2      | Learned a level 2 spell: Blink
  1718 | D:2      | Noticed Natasha
  1731 | D:2      | Killed Natasha
  1909 | D:2      | Reached ** piety under Zin
  1980 | D:2      | Noticed Natasha
  1984 | D:2      | Killed Natasha
  1985 | D:2      | Reached XP level 5. HP: 43/43 MP: 5/9
  2041 | D:2      | Found a runed translucent door.
  2042 | D:2      | Noticed Crazy Yiuf
  2288 | D:3      | Identified the +10 sling "Etzovu" {venom, Contam rElec
                  | Str+4 Int+8 Stlth-}
  2537 | D:2      | Killed Crazy Yiuf
  3435 | D:3      | Identified the +3 leather armour "Zulony" {-Tele Regen+
                  | Dex+6}
  3525 | D:4      | Noticed Sigmund
  3550 | D:4      | Killed Sigmund
  3551 | D:4      | Reached skill level 1 in Armour
  3551 | D:4      | Reached skill level 1 in Shields
  3551 | D:4      | Reached XP level 6. HP: 27/51 MP: 10/10
  3680 | D:4      | Noticed a water moccasin
  4011 | D:5      | Entered Level 5 of the Dungeon
  4210 | D:5      | Gained mutation: You curl defensively after being hit. (AC
                  | +7*) [Palentonga growth]
  4210 | D:5      | Reached XP level 7. HP: 47/58 MP: 5/11
  4290 | D:5      | Reached *** piety under Zin
  4320 | D:5      | Reached skill level 1 in Invocations
  4579 | D:5      | Found a staircase to the Ecumenical Temple.
  4588 | Temple   | Entered the Ecumenical Temple
  4588 | Temple   | Found a transporter.
  4588 | Temple   | Found a transporter.
  4590 | Temple   | Found a transporter.
  4590 | Temple   | Found a transporter.
  5044 | D:6      | Reached skill level 5 in Fighting
  5047 | D:6      | Found Ykeot's General Store.
  5065 | D:6      | Bought a potion of curing for 33 gold pieces
  5207 | D:6      | Reached XP level 8. HP: 65/66 MP: 9/12
  5982 | D:4      | Found Kohiat's Specific Store.
  5985 | D:4      | Found Duthru's General Store.
  6231 | D:7      | Found Situluck's Antique Armour Shoppe.
  6274 | D:7      | Bought a runed hat for 175 gold pieces
  6614 | D:7      | Reached **** piety under Zin
  6707 | D:7      | Reached skill level 5 in Invocations
  7317 | D:8      | Identified the +1 flail "Lifebane" {spect, MP+9 Str+4}
  7340 | D:8      | Reached skill level 5 in Shields
  7340 | D:8      | Reached XP level 9. HP: 75/75 MP: 10/13
  7346 | D:8      | Identified the +5 scale mail "Lyblem" {rF+ Dex+2 Slay+2}
  7607 | D:8      | Found a staircase to the Lair.
  7752 | D:8      | Found Myrapol's Magic Scroll Emporium.
  8187 | D:8      | Bought a scroll of blinking for 90 gold pieces
  8382 | Lair:1   | Entered Level 1 of the Lair of Beasts
  8382 | Lair:1   | Noticed an oklob plant
  8382 | Lair:1   | Found a radiant altar of Vehumet.
  8387 | Lair:1   | Noticed a cane toad
  8408 | Lair:1   | Killed an oklob plant
  8409 | Lair:1   | Reached XP level 10. HP: 64/87 MP: 15/15
  8654 | Lair:1   | Noticed Sonja
  8655 | Abyss:1  | Found a corrupted altar of Lugonu.
  8655 | Abyss:1  | Cast into level 1 of the Abyss (Sonja)
  8663 | Abyss:1  | Fell from the grace of Zin
  8663 | Abyss:1  | Became a worshipper of Lugonu the Unformed
  8663 | Abyss:1  | Reached * piety under Lugonu
  8664 | Lair:1   | Escaped the Abyss
  8910 | D:8      | Paralysed by the wrath of Zin for 5 turns
  9162 | D:9      | Reached skill level 5 in Armour
  9195 | D:9      | Paralysed by a hornet for 1 turns
  9547 | D:9      | Found a staircase to the Orcish Mines.
  9638 | D:9      | Reached ** piety under Lugonu
  9769 | D:9      | Found a glowing golden altar of the Shining One.
  9772 | D:9      | Found a sacrificial altar of Ru.
  9775 | D:9      | Found a shimmering blue altar of Sif Muna.
  9993 | Orc:1    | Entered Level 1 of the Orcish Mines
 10091 | D:10     | Entered Level 10 of the Dungeon
 10224 | D:10     | Found a runed translucent door.
 10225 | D:10     | Found a shimmering altar of Xom.
 10225 | D:10     | Noticed yokelz's ghost (novice DrCj)
 10225 | D:10     | Noticed a +1 hand axe of chaos
 10288 | D:10     | Reached skill level 10 in Fighting
 10719 | D:10     | Reached XP level 11. HP: 87/96 MP: 16/18
 10879 | D:10     | Found Tasigie's Demolitions Depot.
 10888 | D:10     | Bought a wand of iceblast (8) for 288 gold pieces
 11187 | D:10     | Paralysed by the wrath of Zin for 5 turns
 11204 | D:10     | Paralysed by the wrath of Zin for 5 turns
 11552 | D:10     | Gained mutation: You have hidden genetic defects. [potion
                  | of mutation]
 11564 | D:9      | Reached skill level 10 in Invocations
 11981 | Lair:1   | Killed Sonja
 12010 | Lair:1   | Gained mutation: You are dopey. (Int -2) [hidden defects]
 12087 | Lair:1   | Noticed a six-headed hydra
 12113 | Lair:1   | Killed a six-headed hydra
 12538 | Lair:2   | Noticed a five-headed hydra
 12572 | Lair:2   | Noticed a boulder beetle
 12587 | Lair:2   | Killed a boulder beetle
 12596 | Lair:2   | Reached skill level 1 in Throwing
 12724 | Lair:2   | Gained mutation: Your spells are a little easier to cast,
                  | but a little less powerful. [hidden defects]
 12724 | Lair:2   | Lost mutation: You have hidden genetic defects. [hidden
                  | defects expressed]
 12858 | Lair:2   | Reached *** piety under Lugonu
 12908 | Lair:2   | Reached XP level 12. HP: 82/109 MP: 17/21
 13036 | Lair:2   | Noticed a seven-headed hydra
 13172 | D:11     | Found a gate leading to a gauntlet.
 13184 | Gauntlet | Entered a Gauntlet
 13184 | Gauntlet | Found a transporter.
 13191 | Gauntlet | Found a transporter.
 13191 | Gauntlet | Found a transporter.
 13197 | Gauntlet | Found a runed translucent gate.
 13199 | Gauntlet | Found a runed translucent gate.
 13199 | Gauntlet | Found a transporter.
 13200 | Gauntlet | Found a runed translucent gate.
 13201 | Gauntlet | Found a transporter.
 13210 | Gauntlet | Found a transporter.
 13224 | Gauntlet | Noticed a dire elephant
 13226 | Gauntlet | Found a transporter.
 13238 | Gauntlet | Found a transporter.
 13248 | Gauntlet | Found a transporter.
 13262 | Gauntlet | Found a transporter.
 13276 | Gauntlet | Found a transporter.
 13276 | Gauntlet | Found a transporter.
 13304 | Gauntlet | Reached skill level 1 in Axes
 13328 | Gauntlet | Lost mutation: You are dopey. (Int -2) [potion of mutation]
 13328 | Gauntlet | Lost mutation: Your spells are a little easier to cast, but
                  | a little less powerful. [potion of mutation]
 13328 | Gauntlet | Gained mutation: Your mind is acute. (Int +4, Str/Dex -1)
                  | [potion of mutation]
 13328 | Gauntlet | Gained mutation: You can roll at foes to attack. [potion of
                  | mutation]
 13376 | Gauntlet | Found a transporter.
 13467 | Gauntlet | Identified the +1 cloak of Happiness {rC+ rN+ Regen+}
 13496 | Gauntlet | Noticed a minotaur
 13517 | Gauntlet | Got the Precepts of the Unholy Tempest
 13518 | Gauntlet | Slain by a minotaur

Illustrated notes

Levels and vault maps discovered:
D:1:      dpeg_arrival_prison, layout_basic, dreamdust_ecumenical_altar_grove,
          grunt_decor_resistance
D:2:      layout_basic, wander_ebering_terrifying_dragon_lair, uniq_natasha,
          uniq_jessica, uniq_crazy_yiuf_cottage
D:3:      layout_basic, kennysheep_nondescript
D:4:      layout_basic, nicolae_specific_store, uniq_sigmund
D:5:      layout_loops_ring, minmay_temple_entry_glassed_door, minmay_holes,
          minmay_misc_feat_pillars, st_stairs_11, minmay_misc_feat_roman,
          chequers_serial_rivers_small_a
D:6:      layout_basic, corexii_shack, kennysheep_windowed_goal
D:7:      layout_cave_pods, serial_shops, nicolae_shop_statue_plus
D:8:      layout_basic, minmay_lair_entry_grove, serial_shops, shop
D:9:      layout_cave_pools, grunt_temple_overflow_diamond, hiddenorc2_lemuel,
          kennysheep_island_fort
D:10:     layout_basic, ebering_ghost_xom, nicolae_blasting_shop,
          minmay_misc_feat_diagonals, minmay_misc_feat_nine_boxes,
          hangedman_decor_slide_cut
D:11:     layout_stronghold, gauntlet_entry_generic, zin_statuary, uniq_urug
Temple:   hellmonk_temple_divided_pantheon
Lair:1:   layout_gridlike, minmay_stone_trees_large, lemuel_oklob_altar,
          uniq_sonja
Lair:2:   nzn_winding_woodlands_cross [nzn_winding_woodlands_5x15_default,
          nzn_winding_woodlands_5x15_pathside_ponds,
          nzn_winding_woodlands_5x15_pool, nzn_winding_woodlands_5x15_sawtooth,
          nzn_winding_woodlands_15x15_killbox], layout_cave_pods,
          elwin_shoals_entry_rooms
Orc:1:    layout_diamond_mine, basic_altar, serial_shops, nicolae_shop_trees
Gauntlet: minmay_gauntlet_77_tree [minmay_gauntlet_arena_77_chump_sandwich,
          minmay_gauntlet_arena_77_run_for_it, minmay_gauntlet_arena_77_box,
          minmay_gauntlet_arena_77_double_cross,
          minmay_gauntlet_arena_77_museum,
          minmay_gauntlet_arena_77_tiled_triplets,
          minmay_gauntlet_arena_77_hold_the_fort, gauntlet_exit_hidden_loot]

Skill      XL: |  1  2  3  4  5  6  7  8  9 10 11 12 |
---------------+-------------------------------------+-----
Conjurations   | 1 |  1.0
Fighting       | 1 2 3 4 5 6 8 10 11 12 | 12.2
Polearms       | 1 2 3 4 |  4.0
Armour         | 1 2 4 5 |  5.0
Shields        | 1 2 3 5 6 |  6.3
Invocations    | 3 5 7 9 12 | 12.4
Dodging        | 2 |  2.0
Throwing       | 3 |  3.0
Axes           | 2 |  2.1
Stealth        | |  1.2
Spellcasting   | |  3.0
Summonings     | |  0.8
Translocations | |  1.1

Action                   |  1- 3 |  4- 6 |  7- 9 | 10-12 || total
-------------------------+-------+-------+-------+-------++-------
Melee: Dagger            |    36 |       |       |       ||    36
       Trident           |    34 |   126 |   285 |   425 ||   870
       Tailslap          |     3 |     9 |    48 |    84 ||   144
       Punch             |     1 |       |     2 |       ||     3
       War axe           |       |       |       |    59 ||    59
Throw: Dart              |       |       |     7 |    31 ||    38
       Javelin           |       |       |       |     2 ||     2
 Cast: Magic Dart        |    40 |    66 |    46 |    27 ||   179
       Blink             |       |     1 |     1 |     5 ||     7
Invok: Recite            |       |     1 |     1 |       ||     2
       Bend Space        |       |       |       |     8 ||     8
       Depart the Abyss  |       |       |       |     1 ||     1
       Banish            |       |       |       |     4 ||     4
 Abil: Rolling Charge    |     3 |     5 |    15 |    21 ||    44
Evoke: Wand              |       |     1 |     7 |    13 ||    21
  Use: Scroll            |       |     5 |     5 |     7 ||    17
       Potion            |       |     2 |       |    21 ||    23
 Stab: Sleeping          |     1 |       |       |       ||     1
       Distracted        |       |       |     1 |       ||     1
       Confused          |       |       |     1 |       ||     1
Armor: Robe              |    21 |    32 |       |       ||    53
       Leather armour    |       |    25 |    74 |       ||    99
       Scale mail        |       |       |    62 |   289 ||   351
       Skin              |       |       |       |    91 ||    91
Dodge: Dodged            |    27 |    41 |   108 |   258 ||   434
Block: Buckler           |       |       |    48 |   159 ||   207

Table legend: (Time is in decaauts)
 A = Elapsed time spent in this place.
 B = Non-inter-level travel time spent in this place.
 C = Inter-level travel time spent in this place.
 D = Time resting spent in this place.
 E = Time spent auto-exploring this place.
 F = Levels seen in this place.
 G = Mean time per level.
                   A        B        C        D        E       F      G
               +--------+--------+--------+--------+--------+-----+--------+
         Total |  13694 |  12809 |    885 |   1682 |   6821 |  17 |  805.5 |
       Dungeon |  11481 |  10658 |    823 |   1365 |   6109 |  11 | 1043.7 |
        Temple |     33 |     33 |      0 |      0 |      3 |   1 |   33.0 |
          Lair |   1779 |   1717 |     62 |    268 |    709 |   2 |  889.5 |
  Orcish Mines |     61 |     61 |      0 |      8 |      0 |   1 |   61.0 |
         Abyss |      8 |      8 |      0 |      0 |      0 |   1 |    8.0 |
      Gauntlet |    329 |    329 |      0 |     41 |      0 |   1 |  329.0 |
               +--------+--------+--------+--------+--------+-----+--------+

Top non-repeatable levels by time:
     D:8: 1695 daAuts
    D:10: 1594 daAuts
     D:2: 1455 daAuts
  Lair:1: 1150 daAuts
     D:1: 1138 daAuts
     D:7: 1029 daAuts
     D:9: 1008 daAuts
     D:3: 991 daAuts
     D:5: 897 daAuts
     D:6: 845 daAuts
     D:4: 813 daAuts
  Lair:2: 629 daAuts
Gauntlet: 329 daAuts
   Orc:1: 61 daAuts
  Temple: 33 daAuts
